 Dungeon Crawl Stone Soup version 0.16.0-16-g311141a (webtiles) character file.

103 Sorcv the Covert (level 5, 0/30 HPs)
             Began as a Kobold Assassin on Mar 19, 2015.
             Shot with a stone by a goblin (2 damage)
             ... on level 2 of the Dungeon.
             The game lasted 00:06:08 (1263 turns).

Sorcv the Covert (Kobold Assassin)                  Turns: 1263, Time: 00:06:08

Health: 0/30       AC:  6    Str:  9    XL:     5   Next: 6%
Magic:  5/5        EV: 12    Int:  9    God:
Gold:   72         SH:  0    Dex: 19    Spells: 0 memorised, 4 levels left

rFire  . . .     SeeInvis .     a - +2 dagger
rCold  . . .     Clarity  +     c - +0 robe
rNeg   . . .     SustAb   .     (no shield)
rPois  .         Gourm    .     q - +2 helmet
rElec  .         Spirit   .     r - +0 cloak
rCorr  .         Warding  .     (no gloves)
rMut   .         Stasis   .     (no boots)
MR     .....                    t - amulet of clarity
Stlth  +++++.....               (no ring)
                                s - -3 ring of evasion (curse)

@: very slightly contaminated, not resistant to hostile enchantments, quite
stealthy
A: carnivore 3
a: no special abilities


You were on level 2 of the Dungeon.
You were not hungry.

You visited 1 branch of the dungeon, and saw 2 of its levels.

You collected 72 gold pieces.

Inventory:

Hand weapons
 a - a +2 dagger (weapon)
 b - a +0 blowgun
Missiles
 e - 28 poisoned needles
 f - 2 curare-tipped needles
Armour
 c - a +0 robe (worn)
 d - a +0 cloak
 q - a +2 helmet (worn)
 r - a +0 cloak (worn)
Jewellery
 p - an uncursed amulet of resist corrosion
 s - a cursed -3 ring of evasion (left hand)
 t - an amulet of clarity (around neck)
Scrolls
 u - a scroll of immolation
Potions
 h - a potion of agility {unknown}
 i - a potion of resistance {unknown}
 l - a potion of magic {unknown}
 v - a potion of experience {unknown}
Comestibles
 g - 3 meat rations
 m - a royal jelly
 o - a beef jerky


   Skills:
 - Level 2.1 Fighting
 - Level 2.6 Short Blades
 - Level 2.6 Throwing
 + Level 1.6 Dodging
 * Level 8.2 Stealth


You had 4 spell levels left.
You didn't know any spells.

Dungeon Overview and Level Annotations

Branches:
Dungeon (2/15)

Altars:


Innate Abilities, Weirdness & Mutations

You are small and have problems with some larger weapons.
You are carnivorous and can eat meat at any time.


Message History

You hit the hobgoblin.
You kill the hobgoblin!
There is a large open door here.
Things that are here:
a club; a spear; a hobgoblin corpse You flicker back into view.
The goblin shouts!
The goblin closely misses you.
Items here: )) / [[ † You hit the goblin.
The goblin is severely wounded.
You hit the goblin!
You kill the goblin!
Drink which item? (? for menu, Esc to quit)
Okay, then.
There is a large open door here.
Things that are here:
a club; a spear; a hobgoblin corpse The goblin shoots a stone.
The stone hits you.
You die...

#################
#......#...#..≈≈##
#(..@..'...').≈≈≈#
#.)....#...#..≈≈≈##
#')##..#########≈≈#
#...#..........#≈≈##
#.))#..........'...#
#.g)#....g...).'...#
#...#.....)....'...##
#...#..........#≈≈(..
#...#.g#########≈≈###


You could see a goblin.

Vanquished Creatures
  Robin (D:2)
  2 adders (D:2)
  3 worms (D:2)
  A giant gecko (D:1)
  2 oozes
  4 bats
  4 giant cockroaches
  9 hobgoblins
  6 jackals
  3 kobolds
  2 ball pythons
  2 giant newts
  10 goblins
  4 rats
53 creatures vanquished.

Vanquished Creatures (others)
  A goblin (D:2)
  5 toadstools (D:1)
6 creatures vanquished.

Grand Total: 59 creatures vanquished

Notes
Turn   | Place    | Note
--------------------------------------------------------------
     0 | D:1      | Sorcv, the Kobold Assassin, began the quest for the Orb.
     0 | D:1      | Reached XP level 1. HP: 12/12 MP: 1/1
    69 | D:1      | Reached XP level 2. HP: 17/17 MP: 2/2
   138 | D:1      | Reached skill level 6 in Stealth
   402 | D:1      | Reached XP level 3. HP: 16/21 MP: 3/3
   779 | D:2      | Reached skill level 7 in Stealth
   830 | D:2      | Reached XP level 4. HP: 26/26 MP: 4/4
  1180 | D:2      | Reached skill level 8 in Stealth
  1222 | D:2      | Noticed Robin
  1239 | D:2      | Killed Robin
  1240 | D:2      | Reached XP level 5. HP: 8/30 MP: 5/5
  1251 | D:2      | HP: 1/30 [goblin/spear[Robin] (5)]
  1263 | D:2      | Shot with a stone by a goblin

Action                   |  1- 3 |  4- 6 || total
-------------------------+-------+-------++-------
Melee: Dagger            |    60 |    51 ||   111
 Fire: Blowgun           |     8 |    15 ||    23
  Use: Scroll            |       |     3 ||     3
       Potion            |       |     1 ||     1
 Stab: Sleeping          |     7 |     4 ||    11
       Invisible         |       |     4 ||     4
  Eat: Chunk             |       |     1 ||     1
